 Dungeon Crawl Stone Soup version 0.31-a0-486-g8d68a81214 (webtiles) character file.

Game seed: 345598390026854982

380 pokeman the Magician (level 6, -3/34 HPs)
             Began as a Deep Elf Hedge Wizard on Aug 7, 2023.
             Slain by a scorpion (6 damage)
             ... on level 5 of the Dungeon.
             The game lasted 00:06:47 (3567 turns).

pokeman the Magician (Deep Elf Hedge Wizard)        Turns: 3567, Time: 00:06:47

Health: -3/34      AC:  2    Str:  7    XL:     6   Next: 46%
Magic:  9/18       EV: 13    Int: 21    God:
Gold:   205        SH:  0    Dex: 14    Spells: 11/19 levels left

rFire   . . .        a - +2 sling (freeze)
rCold   . . .        (no shield)
rNeg    . . .        b - +0 robe
rPois   .            c - +0 hat
rElec   .            (no cloak)
rCorr   .            (no gloves)
SInv    +            (no boots)
Will    .....        (no amulet)
Stlth   ++           k - ring of see invisible
HPRegen 0.25/turn    (no ring)
MPRegen 0.16/turn

%: no passive effects
@: very slightly contaminated
A: no striking features
a: no special abilities


You were on level 5 of the Dungeon.
You visited 1 branch of the dungeon, and saw 5 of its levels.

You collected 205 gold pieces.

Inventory:

Hand Weapons
 a - a +2 sling of freezing (weapon)
Missiles
 n - a throwing net
Armour
 b - a +0 robe (worn)
 c - a +0 hat (worn)
Magical Staves
 s - a staff of poison
Jewellery
 k - a ring of see invisible (left hand)
Scrolls
 f - 4 scrolls of teleportation {unknown}
 g - 4 scrolls of identify {unknown}
 h - 2 scrolls of vulnerability {unknown}
 i - a scroll of blinking {unknown}
 l - a scroll of enchant armour {unknown}
 o - a scroll of immolation {unknown}
 v - a scroll of fear {unknown}
Potions
 d - a potion of magic
 e - 2 potions of attraction {unknown}
 j - 2 potions of heal wounds {unknown}
 m - a potion of degeneration {unknown}
 p - a potion of might {unknown}
 q - a potion of berserk rage {unknown}
 r - a potion of ambrosia {unknown}
 t - a potion of haste {unknown}
 u - a potion of brilliance {unknown}


   Skills:
 + Level 1.3 Fighting
 - Level 1.1 Armour
 - Level 3.0 Dodging
 - Level 3.1 Stealth
 * Level 7.1 Spellcasting
 + Level 3.3 Conjurations
 - Level 1.1 Summonings
 - Level 1.1 Translocations
 - Level 1.2 Air Magic
 - Level 1.3 Poison Magic
 + Level 0.5 Evocations


You had 11 spell levels left.
You knew the following spells:

 Your Spells              Type           Power      Damage    Failure   Level
a - Magic Dart            Conj           84%        1d7       2%          1
b - Mephitic Cloud        Conj/Pois/Air  15%        N/A       12%         3
c - Call Imp              Summ           24%        N/A       9%          2
d - Blink                 Tloc           24%        N/A       9%          2

Your spell library contained the following spells:

 Spells                   Type           Power      Damage    Failure   Level
 Freeze                   Ice            28%        1d5       9%          1
 Slow                     Hex            28%        N/A       9%          1
 Cigotuvi's Dreadful Rot  Necr/Pois/Air  20%        N/A       10%         2
 Hailstorm                Conj/Ice       14%        3d5       13%         3
 Frozen Ramparts          Ice            14%        1d3       26%         3
 Summon Ice Beast         Ice/Summ       9%         N/A       56%         4
 Simulacrum               Ice/Necr       3%         N/A       100%        6


Dungeon Overview and Level Annotations

Branches:
Dungeon (5/15)
 Temple: D:4-7

Altars:
Sif Muna

Shops:
D:4 **

Annotations:
D:5 Grinder


Message History

The hound bites the orc.
The hound bites itself but does no damage.
The orc is engulfed in noxious fumes.
The orc appears confused.
The orc hits the hound with a +0 dagger.
You bump into the rock wall.
You are engulfed in noxious fumes.
The hound is engulfed in noxious fumes.
The hound appears confused.
An ice beast comes into view.
The orc is engulfed in noxious fumes.
The orc appears confused.
Unknown command.
You clumsily bash the orc but do no damage.
The orc is almost dead.
The orc misses you.
The hound bites itself but does no damage.
The orc hits the ice beast with a +0 dagger.
The orc hits itself with a +0 dagger.
The orc is killed!
You bump into the rock wall.
You feel less confused. The ice beast hits you. The ice beast freezes you.
Unknown command.
Casting: Mephitic Cloud (quite dangerous; 12% risk of failure)
Confirm with . or Enter, or press ? or * to list all spells.
You miscast Call Imp.
You are very lightly contaminated with residual magic.
Nothing appears to happen.
The ice beast hits you. The ice beast freezes you!
* * * LOW HITPOINT WARNING * * *
Unknown command.
Casting: Call Imp (safe; 9% risk of failure)
Confirm with . or Enter, or press ? or * to list all spells.
You blink.
Unknown command.
Casting: Blink (safe; 9% risk of failure)
Confirm with . or Enter, or press ? or * to list all spells.
You miscast Call Imp.
Nothing appears to happen.
The hound bites the ice beast.
The hound completely misses itself.
Unknown command.
You feel stable enough to blink again.
An orc comes into view. It is wielding a +0 dagger.
The scorpion stings you.
You die...

#.# .. # #.# .
#.###.# #.
#...Y8#
.######.##
..#....#
#.#..†.#
#.#.#### #.@.#
##s## #.#
..#####.#
#....<.....#
#5#.######.####
#.#.# #....###
#.#?# ##o....#
#.#.# #)###.###


You could see an ice beast, a scorpion and an orc (wandering).

Vanquished Creatures
  An ogre (D:5)
  A howler monkey (D:5)
  A hound (D:5)
  2 orc wizards (D:2)
  An iguana (D:5)
  3 gnolls (D:3)
  4 adders
  3 dart slugs
  2 worms (D:2)
  9 orcs
  4 bats
  2 endoplasms (D:1)
  2 giant cockroaches
  3 goblins
  8 hobgoblins
  3 quokkas
  10 ball pythons
  7 frilled lizards
  7 kobolds
  10 rats
83 creatures vanquished.

Notes
Turn   | Place    | Note
-------+----------+-------------------------------------------
     0 | D:1      | pokeman the Deep Elf Hedge Wizard began the quest for the
                  | Orb.
     0 | D:1      | Reached XP level 1. HP: 10/10 MP: 7/7
   294 | D:1      | Reached XP level 2. HP: 15/15 MP: 6/9
  1026 | D:2      | Reached skill level 5 in Spellcasting
  1130 | D:2      | Reached XP level 3. HP: 19/20 MP: 4/11
  1139 | D:2      | Learned a level 3 spell: Mephitic Cloud
  1142 | D:2      | Learned a level 2 spell: Call Imp
  1145 | D:2      | Learned a level 2 spell: Blink
  1348 | D:2      | Reached skill level 1 in Fighting
  1348 | D:2      | Reached skill level 1 in Armour
  1348 | D:2      | Reached XP level 4. HP: 21/25 MP: 8/13
  1803 | D:2      | Found a shimmering blue altar of Sif Muna.
  2115 | D:3      | Reached skill level 6 in Spellcasting
  2156 | D:3      | Reached XP level 5. HP: 25/29 MP: 15/15
  3032 | D:4      | Found Ittuten's Elemental Accessories.
  3136 | D:4      | Found Royts's Lightly-Used Armoury.
  3285 | D:5      | Entered Level 5 of the Dungeon
  3307 | D:5      | Noticed an ogre
  3317 | D:5      | Killed an ogre
  3318 | D:5      | Reached skill level 1 in Air Magic
  3318 | D:5      | Reached skill level 1 in Poison Magic
  3318 | D:5      | Reached XP level 6. HP: 34/34 MP: 14/17
  3419 | D:5      | Noticed Grinder
  3534 | D:5      | Reached skill level 7 in Spellcasting
  3557 | D:5      | Noticed an ice beast
  3560 | D:5      | HP: 1/34 [ice beast (13)]
  3567 | D:5      | Slain by a scorpion

Illustrated notes

Levels and vault maps discovered:
D:1:      dpeg_arrival_fog, layout_rooms
D:2:      layout_basic, basic_altar
D:3:      layout_loops_ring, moated_statue
D:4:      layout_basic, serial_corexii_hall, corexii_hall_statues_s,
          chequers_hall_statues_wall_a, nicolae_elemental_shop,
          minmay_shop_damaged
D:5:      layout_loops_ring, lightli_ossuary_entry_decrepit_ruins,
          hangedman_abyss_or_decor_stagger, uniq_crazy_yiuf_cottage,
          uniq_grinder, uniq_edmund

Skill      XL: |  1  2  3  4  5  6 |
---------------+-------------------+-----
Spellcasting   | 5 6 7 |  7.1
Fighting       | 1 |  1.3
Armour         | 1 |  1.1
Conjurations   | 2 3 |  3.3
Stealth        | 3 |  3.1
Dodging        | 3 |  3.0
Air Magic      | 1 |  1.2
Poison Magic   | 1 |  1.3
Summonings     | |  1.1
Translocations | |  1.1
Evocations     | |  0.5

Action                     |  1- 3 |  4- 6 || total
---------------------------+-------+-------++-------
  Melee: Dagger            |    10 |       ||    10
         Whip              |     5 |     8 ||    13
         Sling             |       |     2 ||     2
   Fire: Sling             |       |   109 ||   109
   Cast: Magic Dart        |    68 |    26 ||    94
         Mephitic Cloud    |     1 |     5 ||     6
         Blink             |       |     1 ||     1
         Call Imp          |       |     1 ||     1
   Stab: Confused          |       |     3 ||     3
 Armour: Robe              |     4 |     4 ||     8
  Dodge: Dodged            |    23 |    28 ||    51

Table legend: (Time is in decaauts)
 A = Elapsed time spent in this place.
 B = Non-inter-level travel time spent in this place.
 C = Inter-level travel time spent in this place.
 D = Time resting spent in this place.
 E = Time spent auto-exploring this place.
 F = Levels seen in this place.
 G = Mean time per level.
                   A        B        C        D        E       F      G
               +--------+--------+--------+--------+--------+-----+--------+
         Total |   3610 |   3481 |    129 |     54 |   2714 |   5 |  722.0 |
       Dungeon |   3610 |   3481 |    129 |     54 |   2714 |   5 |  722.0 |
               +--------+--------+--------+--------+--------+-----+--------+

Top non-repeatable levels by time:
     D:2: 1334 daAuts
     D:3: 749 daAuts
     D:1: 734 daAuts
     D:4: 499 daAuts
     D:5: 292 daAuts
